 Dungeon Crawl Stone Soup version 0.22-a0-247-gbddf880 (webtiles) character file.

669 wolfsongas the Fighter (level 7, -1/70 HPs)
             Began as a Gnoll Wanderer on Feb 23, 2018.
             Slain by a killer bee (3 damage)
             ... on level 4 of the Dungeon.
             The game lasted 00:06:01 (2558 turns).

wolfsongas the Fighter (Gnoll Wanderer)             Turns: 2558, Time: 00:06:02

Health: -1/70      AC:  7    Str: 13    XL:     7   Next: 58%
Magic:  10/10      EV: 17    Int: 18    God:
Gold:   265        SH:  0    Dex: 17    Spells: 11/11 levels left

rFire    . . .     SeeInvis .   a - +3 quarterstaff
rCold    . . .     Gourm    .   (shield currently unavailable)
rNeg     . . .     Faith    .   n - +0 ring mail
rPois    .         Spirit   .   o - +0 helmet
rElec    .         Reflect  .   j - +0 cloak
rCorr    .         Harm     .   (no gloves)
MR       .....                  (no boots)
Stlth    +++.......             (no amulet)
HPRegen  0.21/turn              m - -2 ring of dexterity (curse)
MPRegen  0.12/turn              (no ring)

@: agile, lethally poisoned (-1 -> -7), hasted, very quick
A: distributed training, fangs 1, strong nose
a: no special abilities


You were on level 4 of the Dungeon.
You were not hungry.

You visited 1 branch of the dungeon, and saw 4 of its levels.
You also visited: Sewer.

You collected 265 gold pieces.

Inventory:

Hand Weapons
 a - a +3 quarterstaff (weapon)
 b - a +0 hunting sling
Missiles
 l - 108 stones (quivered)
Armour
 j - a +0 cloak (worn)
 n - a +0 ring mail (worn)
 o - a +0 helmet (worn)
Jewellery
 m - a cursed -2 ring of dexterity (left hand)
Scrolls
 p - a scroll of blinking
 t - a scroll of fog
Potions
 c - a potion of mutation {unknown}
 e - a potion of magic {unknown}
 f - 2 potions of flight
 g - a potion of might {unknown}
Comestibles
 d - 7 rations
 s - 2 chunks of flesh


   Skills:
 + Level 12.2 Fighting
 + Level 2.5 Short Blades
 + Level 2.5 Long Blades
 + Level 2.5 Axes
 + Level 2.5 Maces & Flails
 + Level 2.5 Polearms
 + Level 3.6 Staves
 + Level 2.5 Slings
 + Level 2.5 Bows
 + Level 2.5 Crossbows
 + Level 3.6 Throwing
 + Level 2.5 Armour
 + Level 3.6 Dodging
 + Level 2.5 Stealth
 + Level 2.5 Shields
 + Level 2.5 Unarmed Combat
 + Level 2.5 Spellcasting
 + Level 2.0 Conjurations
 + Level 2.0 Hexes
 + Level 2.0 Charms
 + Level 2.0 Summonings
 + Level 2.0 Necromancy
 + Level 2.0 Translocations
 + Level 2.0 Transmutations
 + Level 2.0 Fire Magic
 + Level 2.0 Ice Magic
 + Level 2.0 Air Magic
 + Level 2.0 Earth Magic
 + Level 2.0 Poison Magic
 + Level 2.8 Invocations
 + Level 3.6 Evocations


You had 11 spell levels left.
You didn't know any spells.

Dungeon Overview and Level Annotations

Branches:
Dungeon (4/15)
 Temple: D:4-7

Altars:
Cheibriados
Dithmenos
Nemelex Xobeh
Qazlal
Sif Muna
Trog
Vehumet
Wu Jian
Zin


Innate Abilities, Weirdness & Mutations

Your experience applies equally to all skills.
You have very sharp teeth.
Your uncanny sense of smell can sniff out nearby items.


Message History

You are lethally poisoned!
The killer bee poisons you!
You feel agile all of a sudden.
* * * LOW HITPOINT WARNING * * *
You feel sick. The killer bee misses you. The killer bee stings you.
* * * LOW HITPOINT WARNING * * *
The killer bee misses you. The killer bee barely misses you.
It was a potion of haste.
You feel yourself speed up.
* * * LOW HITPOINT WARNING * * *
You feel sick. The killer bee closely misses you.
The killer bee barely misses you. The killer bee closely misses you.
The killer bee stings you but does no damage.
You miss the killer bee.
The killer bee is almost dead.
The killer bee closely misses you. The killer bee misses you. x2
You sock the killer bee!
You kill the killer bee!
* * * LOW HITPOINT WARNING * * *
You feel sick. The killer bee stings you.
You die...

#.....#
#####.....#
.##.........#
...(...).....#
.###.###.....#
# #.##### #.#
.#.# #.##y...#
#.@yy..#
#.†###.# #..#
∆ ##.# ... ###


You could see 3 killer bees.

Vanquished Creatures
  Grinder (D:3)
  A big kobold (Sewer)
  3 killer bees (D:4)
  Jessica (D:2)
  Natasha (twice) (D:2)
  A worker ant (D:4)
  Robin (D:2)
  A river rat (Sewer)
  4 adders
  2 oozes
  A worm (D:3)
  3 leopard geckos
  5 orcs (D:3)
  4 bats
  4 giant cockroaches
  21 goblins
  13 hobgoblins
  6 jackals
  9 kobolds
  7 frilled lizards
  11 rats
101 creatures vanquished.

Notes
Turn   | Place    | Note
-------+----------+-------------------------------------------
     0 | D:1      | Reached skill level 12 in Fighting
     0 | D:1      | wolfsongas the Gnoll Wanderer began the quest for the Orb.
     0 | D:1      | wolfsongas set off with: a +2 quarterstaff, 2 potions of lignification, a +0 robe, a ration
     0 | D:1      | Reached XP level 1. HP: 31/31 MP: 2/2
    91 | D:1      | Found a snail-covered altar of Cheibriados.
    96 | D:1      | Reached XP level 2. HP: 29/38 MP: 3/3
   368 | D:1      | Reached XP level 3. HP: 42/44 MP: 4/4
   499 | D:1      | You fall through a shaft!
   522 | D:2      | Noticed Jessica
   527 | D:2      | Killed Jessica
   527 | D:2      | Reached skill level 1 in Short Blades
   527 | D:2      | Reached skill level 1 in Long Blades
   527 | D:2      | Reached skill level 1 in Axes
   527 | D:2      | Reached skill level 1 in Maces & Flails
   527 | D:2      | Reached skill level 1 in Polearms
   527 | D:2      | Reached skill level 1 in Slings
   527 | D:2      | Reached skill level 1 in Bows
   527 | D:2      | Reached skill level 1 in Crossbows
   527 | D:2      | Reached skill level 1 in Armour
   527 | D:2      | Reached skill level 1 in Stealth
   527 | D:2      | Reached skill level 1 in Shields
   527 | D:2      | Reached skill level 1 in Unarmed Combat
   527 | D:2      | Reached skill level 1 in Spellcasting
   527 | D:2      | Reached skill level 1 in Invocations
   527 | D:2      | Reached XP level 4. HP: 48/51 MP: 4/6
   764 | D:2      | Found a shadowy altar of Dithmenos.
   881 | D:2      | Found a glowing silver altar of Zin.
   902 | D:2      | Found a sparkling altar of Nemelex Xobeh.
   904 | D:2      | Found a stormy altar of Qazlal.
   905 | D:2      | Noticed Natasha
   906 | D:2      | Found a deep blue altar of Sif Muna.
   911 | D:2      | Killed Natasha
   911 | D:2      | Reached skill level 1 in Conjurations
   911 | D:2      | Reached skill level 1 in Hexes
   911 | D:2      | Reached skill level 1 in Charms
   911 | D:2      | Reached skill level 1 in Summonings
   911 | D:2      | Reached skill level 1 in Necromancy
   911 | D:2      | Reached skill level 1 in Translocations
   911 | D:2      | Reached skill level 1 in Transmutations
   911 | D:2      | Reached skill level 1 in Fire Magic
   911 | D:2      | Reached skill level 1 in Ice Magic
   911 | D:2      | Reached skill level 1 in Air Magic
   911 | D:2      | Reached skill level 1 in Earth Magic
   911 | D:2      | Reached skill level 1 in Poison Magic
   921 | D:2      | Noticed Natasha
   923 | D:2      | Killed Natasha
   923 | D:2      | Reached XP level 5. HP: 51/57 MP: 7/7
   929 | D:2      | Noticed Robin
   955 | D:2      | Killed Robin
  1274 | D:3      | Noticed Grinder
  1294 | D:3      | Killed Grinder
  1294 | D:3      | Reached XP level 6. HP: 55/64 MP: 7/9
  1829 | D:3      | Found an ornate altar of the Wu Jian Council.
  1829 | D:3      | Found a bloodstained altar of Trog.
  1838 | D:3      | Found a radiant altar of Vehumet.
  1950 | D:3      | Found a glowing drain.
  1957 | Sewer    | Entered a sewer
  2158 | Sewer    | Reached XP level 7. HP: 45/70 MP: 10/10
  2213 | Sewer    | Found a white marble altar of Elyvilon.
  2556 | D:4      | HP: 3/70 [poisoned by a killer bee]
  2558 | D:4      | Slain by a killer bee

Vault maps used:
D:1:      lightli_arrival_statuegarden, cheibriados_altar_1
D:2:      old_standard_altar, lemuel_crystal_altar,
          gammafunk_temple_overflow_forgotten, first_ration, uniq_robin,
          uniq_jessica, uniq_natasha
D:3:      grunt_temple_overflow_open, gup_sewer_entry_bubbles,
          guppyfry_early_orc_mine, uniq_grinder
D:4:      minmay_temple_entry_fiery, serial_shops, nicolae_shop_statue_plus,
          fedhas_altar_3
Sewer:    sewer_kobolds

Skill      XL: |  1  2  3  4  5  6  7 |
---------------+----------------------+-----
Fighting       | | 12.2
Short Blades   | 1 2 |  2.5
Long Blades    | 1 2 |  2.5
Axes           | 1 2 |  2.5
Maces & Flails | 1 2 |  2.5
Polearms       | 1 2 |  2.5
Slings         | 1 2 |  2.5
Bows           | 1 2 |  2.5
Crossbows      | 1 2 |  2.5
Armour         | 1 2 |  2.5
Stealth        | 1 2 |  2.5
Shields        | 1 2 |  2.5
Unarmed Combat | 1 2 |  2.5
Spellcasting   | 1 2 |  2.5
Invocations    | 1 2 |  2.8
Conjurations   | 1 2 |  2.0
Hexes          | 1 2 |  2.0
Charms         | 1 2 |  2.0
Summonings     | 1 2 |  2.0
Necromancy     | 1 2 |  2.0
Translocations | 1 2 |  2.0
Transmutations | 1 2 |  2.0
Fire Magic     | 1 2 |  2.0
Ice Magic      | 1 2 |  2.0
Air Magic      | 1 2 |  2.0
Earth Magic    | 1 2 |  2.0
Poison Magic   | 1 2 |  2.0
Staves         | 3 |  3.6
Throwing       | 3 |  3.6
Dodging        | 3 |  3.6
Evocations     | 3 |  3.6

Action                   |  1- 3 |  4- 6 |  7- 9 || total
-------------------------+-------+-------+-------++-------
Melee: Quarterstaff      |    61 |   188 |    52 ||   301
       Bite              |    11 |    12 |     1 ||    24
  Use: Scroll            |     4 |     1 |     2 ||     7
       Potion            |       |     3 |     8 ||    11
 Stab: Sleeping          |     2 |     3 |       ||     5
  Eat: Chunk             |       |     4 |     2 ||     6
Armor: Robe              |    11 |     4 |       ||    15
       Skin              |       |   134 |    96 ||   230
       Ring mail         |       |    35 |    10 ||    45
Dodge: Dodged            |    38 |   113 |    33 ||   184

Table legend:
 A = Spawn XP
 B = Non-spawn XP
 C = Spawn XP percentage of total XP
 D = Spawn monster count
 E = Non-spawn monster count
 F = Spawn count percentage of total count
 G = Total turns spent on level
                    A         B        C        D         E        F      G
               +---------+---------+-------+---------+---------+-------+---------
         Total |       0 |     956 |   0.0 |       0 |     101 |   0.0 |  2558
               +---------+---------+-------+---------+---------+-------+---------
           D:1 |       0 |      47 |   0.0 |       0 |      24 |   0.0 |   499
           D:2 |       0 |     186 |   0.0 |       0 |      33 |   0.0 |   768
           D:3 |       0 |     363 |   0.0 |       0 |      29 |   0.0 |   800
           D:4 |       0 |     236 |   0.0 |       0 |       6 |   0.0 |   187
         Sewer |       0 |     124 |   0.0 |       0 |       9 |   0.0 |   304
               +---------+---------+-------+---------+---------+-------+---------
